 Dungeon Crawl Stone Soup version 0.26-a0-312-g187c3b9 (webtiles) character file.

Game seed: 2692075723384876821

36703 Illumine the Frost Mage (level 13, -5/99 HPs)
             Began as a Gnoll Ice Elementalist on July 15, 2020.
             Was a Priest of Ashenzari.
             Splashed by an oklob plant's acid (15 damage)
             ... on level 6 of the Lair of Beasts.
             The game lasted 00:48:21 (17035 turns).

Illumine the Frost Mage (Gnoll Ice Elementalist)   Turns: 17035, Time: 00:48:22

Health: -5/99      AC: -2    Str: 10    XL:     13   Next: 92%
Magic:  11/26      EV: 18    Int: 29    God:    Ashenzari [***...]
Gold:   823        SH:  8    Dex: 16    Spells: 6/31 levels left

rFire    . . .     SeeInvis +   a - staff of cold
rCold    + . .     Faith    .   x - +2 buckler {rPois}
rNeg     . . .     Spirit   .   Y - +0 leather armour
rPois    +         Reflect  .   u - +0 helmet
rElec    .         Harm     .   r - +0 cloak
rCorr    .                      Z - +1 pair of gloves
MR       .....                  (no boots)
Stlth    ++++......             (no amulet)
HPRegen  0.26/turn              o - +6 ring of intelligence (curse)
MPRegen  0.20/turn              I - ring of wizardry (curse)

@: corroded
A: distributed training, fangs 1, strong nose
a: Curse Item, Scrying, Renounce Religion


You were on level 6 of the Lair of Beasts.
You worshipped Ashenzari.
Ashenzari was most pleased with you.
You visited 3 branches of the dungeon, and saw 15 of its levels.

You collected 1002 gold pieces.
You spent 179 gold pieces at shops.

Inventory:

Hand Weapons
 b - the +9 hunting sling of the Sage {freeze, rC+ rN+}
   (You found it on level 6 of the Dungeon)

   It causes projectiles fired from it to freeze those they strike, causing
   extra injury to most foes and up to half again as much damage against
   particularly susceptible opponents.
   They can also slow down cold-blooded creatures.
   It protects you from cold.
   It protects you from negative energy.
 c - a +0 short sword
 C - a +1 mace of venom
Missiles
 f - 7 datura-tipped darts (quivered)
 D - 102 sling bullets
 E - 238 stones
Armour
 r - a +0 cloak (worn)
 u - a +0 helmet (worn)
 x - a +2 buckler of poison resistance (worn)
 P - a +2 buckler of fire resistance
 Y - a +0 leather armour (worn)
 Z - a +1 pair of gloves (worn)
Magical Staves
 a - an uncursed staff of cold (weapon)
 K - an uncursed staff of poison
Jewellery
 o - a cursed +6 ring of intelligence (left hand)
 H - an uncursed ring of protection from magic
 I - a cursed ring of wizardry (right hand)
 L - an uncursed ring of protection from fire
 O - a +4 ring of protection
 R - an uncursed amulet of guardian spirit
 W - an uncursed ring of fire
Wands
 v - a wand of iceblast (22)
 y - a wand of disintegration (13)
 J - a wand of flame (27)
Scrolls
 g - a scroll of fog
 j - 2 scrolls of identify
 k - 5 scrolls of teleportation
 l - 2 scrolls of noise
 m - a scroll of random uselessness {unknown}
 n - 2 scrolls of enchant armour {unknown}
 p - 2 scrolls of amnesia
 s - 3 scrolls of magic mapping
 w - a scroll of immolation
 z - 2 scrolls of fear {unknown}
 A - 8 scrolls of remove curse
 U - 2 scrolls of blinking {unknown}
 V - a scroll of summoning {unknown}
 X - 3 scrolls of enchant weapon {unknown}
Potions
 d - 5 potions of flight
 e - 4 potions of haste
 h - 15 potions of curing
 i - a potion of lignification
 q - 2 potions of might
 t - a potion of berserk rage
 B - 6 potions of stabbing
 F - 8 potions of ambrosia
 G - a potion of brilliance
 M - a potion of invisibility
 N - 2 potions of heal wounds
 Q - a potion of resistance {unknown}
 S - 2 potions of cancellation
 T - 2 potions of mutation


   Skills:
 + Level 8.5 Fighting
 + Level 8.5 Short Blades
 + Level 8.5 Long Blades
 + Level 8.5 Axes
 + Level 8.5 Maces & Flails
 + Level 8.5 Polearms
 + Level 8.5 Staves
 + Level 8.5 Slings
 + Level 8.5 Bows
 + Level 8.5 Crossbows
 + Level 8.5 Throwing
 + Level 8.5 Armour
 + Level 9.7 Dodging
 + Level 9.5 Stealth
 + Level 8.5 Shields
 + Level 8.5 Unarmed Combat
 + Level 9.9 Spellcasting
 + Level 7.1(9.1) Conjurations
 + Level 7.1(9.1) Hexes
 + Level 7.1(9.1) Charms
 + Level 7.1(9.1) Summonings
 + Level 7.1(9.1) Necromancy
 + Level 7.1(9.1) Translocations
 + Level 7.1(9.1) Transmutations
 + Level 7.1(9.1) Fire Magic
 + Level 10.1(11.8) Ice Magic
 + Level 7.1(9.1) Air Magic
 + Level 7.1(9.1) Earth Magic
 + Level 7.1(9.1) Poison Magic
 + Level 9.3 Invocations
 + Level 8.5(10.4) Evocations


You had 6 spell levels left.
You knew the following spells:

 Your Spells              Type           Power        Failure   Level
a - Freeze                Ice            ####         1%          1
b - Frozen Ramparts       Ice            ######       1%          3
c - Ozocubu's Armour      Chrm/Ice       #######.     1%          3
d - Hailstorm             Conj/Ice       #######.     1%          4
e - Summon Ice Beast      Ice/Summ       #######.     1%          4
f - Apportation           Tloc           ######       1%          1
g - Fireball              Conj/Fire      ######....   1%          5
h - Sticky Flame          Conj/Fire      ######..     1%          4

Your spell library contained the following spells:

 Spells                   Type           Power        Failure   Level
 Animate Skeleton         Necr           ######       1%          1
 Beastly Appendage        Tmut           ######       1%          1
 Corona                   Hex            ######.      1%          1
 Foxfire                  Conj/Fire      ####         1%          1
 Summon Small Mammal      Summ           ####         1%          1
 Sticks to Snakes         Tmut           ######..     1%          2
 Conjure Flame            Conj/Fire      ######..     1%          3
 Inner Flame              Hex/Fire       ######..     1%          3
 Spider Form              Tmut/Pois      ######....   1%          3
 Ice Form                 Ice/Tmut       #######.     1%          4
 Blade Hands              Tmut           ######....   1%          5


Dungeon Overview and Level Annotations

Branches:
Dungeon (8/15)             Temple (1/1) D:6            Lair (6/6) D:8
 Shoals (0/4) Lair:4        Snake (0/4) Lair:2        Slime (0/5) Lair:5

Altars:
Ashenzari
Dithmenos
Elyvilon
Fedhas
Hepliaklqana
Kikubaaqudgha
Makhleb
Nemelex Xobeh
Okawaru
Sif Muna
Trog
Uskayaw
Vehumet
Wu Jian
Xom
Yredelemnul
Zin
The Shining One
Beogh
Lugonu

Shops:
D:4 *([}   D:5 !   D:6 (

Annotations:
D:8 3 runed translucent doors, jtd910's ghost, novice TrBr
Lair:1 Urug
Lair:2 exclusion: oklob plant
Lair:4 1 runed translucent door, Neduy's ghost, journeyman MiBe
Lair:5 Kirke; Snorg; Sonja
Lair:6 exclusion: 3 oklob plants


Innate Abilities, Weirdness & Mutations

Your experience applies equally to all skills.
You have very sharp teeth.
Your uncanny sense of smell can sniff out nearby items.


Message History

g - Guard the area. f - Follow me.
Anything else - Cancel.
Gang up on whom?
Press: ? - help, Dir - move target cursor, f - oklob plant
Aim: an oklob plant (moderately damaged) Attack!
The oklob plant spits acid at you. The splash of acid hits you!
The acid corrodes you!
You are splashed with acid!
The oklob plant spits acid at you. The splash of acid hits your ice beast!
Your ice beast is splashed with acid.
Your ice beast dies!
Unknown command.
Casting: Fireball (dangerous; 1% risk of failure)
Confirm with . or Enter, or press ? or * to list all spells.
You feel a surge of power! A chill wind blows around you.
The oklob plant spits acid at you. The splash of acid hits you!!
* * * LOW HITPOINT WARNING * * *
The acid corrodes you!
You are splashed with acid!
You die...

,, .+ ,,* ≈ ,. *
##.### * ≈
#.###....#######
≈
............=(P#
,..........".!..#
..........YY.P.#
≈ ,
............?.P#
≈ ≈
.............![#
≈ ,
........@######*
≈ ≈ ,
....#...#..Y.# ≈
,... #.(..#.#..#
, *#...
##.....#.##
###.....
,*#...P.P..#
........,
#...P.....##
........,
.#....PP..P#
........,
#....##.###
........
###..##.#


You could see 3 oklob plants and 3 friendly ice beasts.

Vanquished Creatures
  3 hydras
  A catoblepas (Lair:6)
  4 death yaks (Lair:5)
  An elephant (Lair:5)
  2 black mambas (Lair:6)
  16 cane toads
  Maggie (D:7)
  A torpor snail (Lair:3)
  3 rime drakes
  11 komodo dragons
  A queen bee (Lair:3)
  A polar bear (Lair:6)
  11 blink frogs
  7 hippogriffs
  11 wyverns
  12 yaks
  2 basilisks (Lair:4)
  Eustachio (D:4)
  3 vampire mosquitoes (Lair:6)
  3 nagas (Lair:2)
  3 hell hounds (Lair:4)
  Duvessa (D:6)
  5 water moccasins
  4 porcupines
  An ice beast (D:7)
  An orc warrior (D:8)
  A sky beast (D:8)
  An ogre (D:4)
  2 centaurs (D:7)
  4 wolves (Lair:1)
  7 crocodiles
  16 bullfrogs
  A scorpion (D:6)
  14 killer bees (Lair:3)
  An electric eel (Lair:3)
  3 wights (D:7)
  A howler monkey (D:7)
  A bullfrog zombie (D:6)
  4 hounds
  An orc priest (D:8)
  A gnoll shaman (D:8)
  2 orc wizards (D:5)
  Jessica (D:2)
  3 iguanas (D:5)
  7 worker ants
  3 hound skeletons
  A worker ant zombie (D:6)
  13 adders
  3 gnolls (D:8)
  2 shadow imps
  A white imp (D:7)
  3 adder skeletons
  7 leopard geckos
  13 orcs
  A ball python (D:4)
  5 bats
  8 giant cockroaches
  5 goblins
  7 hobgoblins
  14 jackals
  5 quokkas
  4 frilled lizards
  2 jackal skeletons
  7 kobolds
  2 rats (D:1)
  A plant (Lair:6)
288 creatures vanquished.

Vanquished Creatures (collateral kills)
  2 hydras
  A death yak (Lair:5)
  A wolf spider (Lair:6)
  An oklob plant (Lair:6)
  2 elephants (Lair:5)
  3 cane toads (Lair:6)
  A rime drake (Lair:4)
  A komodo dragon (Lair:5)
  A tyrant leech (Lair:6)
  Grinder (D:4)
  13 blink frogs
  3 hippogriffs
  2 wyverns
  8 yaks
  A basilisk (Lair:2)
  3 vampire mosquitoes (Lair:6)
  A naga (Lair:2)
  3 swamp worms (Lair:4)
  4 water moccasins
  3 ice beasts
  3 ogres
  A wolf (Lair:6)
  4 crocodiles
  3 bullfrogs
  A water moccasin zombie (D:7)
  Dowan (D:6)
  10 killer bees (Lair:3)
  A hound (D:7)
  A jelly (D:8)
  An orc priest (D:5)
  An orc wizard (D:8)
  A bullfrog skeleton (D:6)
  A killer bee zombie (D:7)
  A hound zombie (D:8)
  3 shadow imps (D:5)
  4 jackals
92 creatures vanquished.

Vanquished Creatures (others)
  A bush (Lair:3)
  36 fungi
  75 plants
112 creatures vanquished.

Grand Total: 492 creatures vanquished

Notes
Turn   | Place    | Note
-------+----------+-------------------------------------------
     0 | D:1      | Illumine the Gnoll Ice Elementalist began the quest for the
                  | Orb.
     0 | D:1      | Reached XP level 1. HP: 13/13 MP: 6/6
   129 | D:1      | Reached XP level 2. HP: 14/19 MP: 4/7
   595 | D:1      | Reached XP level 3. HP: 25/25 MP: 5/9
   636 | D:1      | Learned a level 3 spell: Frozen Ramparts
   890 | D:1      | Reached skill level 5 in Spellcasting
  1106 | D:2      | Found a glowing golden altar of the Shining One.
  1180 | D:2      | Noticed Jessica
  1187 | D:2      | Killed Jessica
  1187 | D:2      | Reached skill level 1 in Fighting
  1187 | D:2      | Reached skill level 1 in Short Blades
  1187 | D:2      | Reached skill level 1 in Long Blades
  1187 | D:2      | Reached skill level 1 in Axes
  1187 | D:2      | Reached skill level 1 in Maces & Flails
  1187 | D:2      | Reached skill level 1 in Polearms
  1187 | D:2      | Reached skill level 1 in Staves
  1187 | D:2      | Reached skill level 1 in Slings
  1187 | D:2      | Reached skill level 1 in Bows
  1187 | D:2      | Reached skill level 1 in Crossbows
  1187 | D:2      | Reached skill level 1 in Throwing
  1187 | D:2      | Reached skill level 1 in Armour
  1187 | D:2      | Reached skill level 1 in Shields
  1187 | D:2      | Reached skill level 1 in Unarmed Combat
  1187 | D:2      | Reached skill level 1 in Invocations
  1187 | D:2      | Reached skill level 1 in Evocations
  1249 | D:2      | Reached XP level 4. HP: 28/32 MP: 8/11
  1405 | D:2      | Learned a level 3 spell: Ozocubu's Armour
  1410 | D:2      | Learned a level 4 spell: Hailstorm
  2170 | D:3      | Reached skill level 1 in Conjurations
  2170 | D:3      | Reached skill level 1 in Hexes
  2170 | D:3      | Reached skill level 1 in Charms
  2170 | D:3      | Reached skill level 1 in Summonings
  2170 | D:3      | Reached skill level 1 in Necromancy
  2170 | D:3      | Reached skill level 1 in Translocations
  2170 | D:3      | Reached skill level 1 in Transmutations
  2170 | D:3      | Reached skill level 1 in Fire Magic
  2170 | D:3      | Reached skill level 1 in Air Magic
  2170 | D:3      | Reached skill level 1 in Earth Magic
  2170 | D:3      | Reached skill level 1 in Poison Magic
  2389 | D:3      | Reached XP level 5. HP: 37/37 MP: 12/12
  2426 | D:3      | Found a shadowy altar of Dithmenos.
  3036 | D:3      | Found a bloodstained altar of Trog.
  3065 | D:4      | Found Jakoepto's Weapon Shop.
  3068 | D:4      | Noticed Eustachio
  3114 | D:4      | Found Ipnegayf's Assorted Antiques.
  3168 | D:4      | Noticed an ogre
  3168 | D:4      | Noticed an ogre
  3318 | D:4      | Found an ancient bone altar of Kikubaaqudgha.
  3400 | D:4      | Reached XP level 6. HP: 44/44 MP: 9/13
  3438 | D:4      | Learned a level 4 spell: Summon Ice Beast
  3449 | D:4      | Found Kyfeuh Wema's Gadget Emporium.
  3455 | D:4      | Found Vocuck's Antique Armour Boutique.
  3474 | D:4      | Bought a glowing buckler for 165 gold pieces
  3511 | D:4      | Found a blossoming altar of Fedhas.
  3583 | D:4      | Noticed Grinder
  3587 | D:4      | Killed Eustachio
  3587 | D:4      | Reached skill level 5 in Dodging
  3593 | D:4      | Paralysed by Grinder for 6 turns
  3604 | D:4      | Killed Grinder
  3604 | D:4      | Reached XP level 7. HP: 44/50 MP: 5/15
  3839 | D:5      | Entered Level 5 of the Dungeon
  3888 | D:5      | Found a transporter.
  3894 | D:5      | Found a transporter.
  3920 | D:5      | Found a hide-covered altar of Uskayaw.
  3923 | D:5      | Noticed a -3 hand axe
  3923 | D:5      | Noticed a +0 dagger
  4041 | D:5      | Reached skill level 5 in Stealth
  4172 | D:5      | Found Kufa's Distillery.
  4175 | D:5      | Bought a potion of degeneration for 14 gold pieces
  4336 | D:5      | Reached XP level 8. HP: 14/57 MP: 10/16
  4576 | D:5      | Found a hazy altar of Hepliaklqana.
  5110 | D:6      | Noticed Duvessa
  5111 | D:6      | Noticed Dowan
  5122 | D:6      | Killed Dowan
  5129 | D:6      | Killed Duvessa
  5219 | D:6      | Found a staircase to the Ecumenical Temple.
  5234 | Temple   | Entered the Ecumenical Temple
  5284 | Temple   | Became a worshipper of Ashenzari the Shackled
  5330 | D:6      | Got the hunting sling of the Sage {freeze, rC+ rN+}
  5331 | D:6      | Identified the +9 hunting sling of the Sage {freeze, rC+
                  | rN+} (You found it on level 6 of the Dungeon)
  5562 | D:6      | Found Taybryng's Weapon Emporium.
  5686 | D:6      | Found an ornate altar of the Wu Jian Council.
  5805 | D:7      | Noticed a yak
  5805 | D:7      | Noticed a yak
  5806 | D:7      | Noticed a yak
  5817 | D:7      | Killed a yak
  5818 | D:7      | Noticed a yak
  5823 | D:7      | Killed a yak
  5828 | D:7      | Killed a yak
  5830 | D:7      | Noticed a yak
  5834 | D:7      | Killed a yak
  5834 | D:7      | Reached XP level 9. HP: 62/65 MP: 2/18
  5974 | D:7      | Noticed Maggie
  6912 | D:8      | Reached skill level 8 in Ice Magic
  7140 | D:8      | Found a glowing silver altar of Zin.
  7378 | D:8      | Found a burning altar of Makhleb.
  7458 | D:8      | Reached * piety under Ashenzari
  7468 | D:8      | Found a staircase to the Lair.
  7469 | D:8      | Noticed a komodo dragon
  7496 | D:8      | Killed a komodo dragon
  7567 | D:8      | Identified the +15 plate armour "Baep" {rN+ Dex+4}
  7569 | D:8      | Found a runed translucent gate.
  7569 | D:8      | Identified the +1 scale mail of Poor Excuses {Harm Str+2}
  7573 | D:8      | Found a runed translucent gate.
  7574 | D:8      | Found a runed translucent gate.
  7576 | D:8      | Noticed jtd910's ghost (novice TrBr)
  7613 | D:8      | Found a roughly hewn altar of Beogh.
  7622 | D:8      | Reached skill level 5 in Invocations
  7699 | D:8      | Learned a level 1 spell: Apportation
  7802 | Lair:1   | Entered Level 1 of the Lair of Beasts
  8260 | D:7      | Killed Maggie
  8260 | D:7      | Reached XP level 10. HP: 73/73 MP: 3/20
  8363 | D:7      | Found a radiant altar of Vehumet.
  8688 | D:7      | Upgraded the game from 0.26-a0-309-gfa14c3a to
                  | 0.26-a0-312-g187c3b9
  9048 | Lair:1   | Reached skill level 5 in Fighting
  9048 | Lair:1   | Reached skill level 5 in Short Blades
  9048 | Lair:1   | Reached skill level 5 in Long Blades
  9048 | Lair:1   | Reached skill level 5 in Axes
  9048 | Lair:1   | Reached skill level 5 in Maces & Flails
  9048 | Lair:1   | Reached skill level 5 in Polearms
  9048 | Lair:1   | Reached skill level 5 in Staves
  9048 | Lair:1   | Reached skill level 5 in Slings
  9048 | Lair:1   | Reached skill level 5 in Bows
  9048 | Lair:1   | Reached skill level 5 in Crossbows
  9048 | Lair:1   | Reached skill level 5 in Throwing
  9048 | Lair:1   | Reached skill level 5 in Armour
  9048 | Lair:1   | Reached skill level 5 in Shields
  9048 | Lair:1   | Reached skill level 5 in Unarmed Combat
  9048 | Lair:1   | Reached skill level 5 in Evocations
  9296 | Lair:1   | Noticed a cane toad
  9307 | Lair:1   | Killed a cane toad
  9547 | Lair:1   | Noticed a cane toad
  9561 | Lair:1   | Killed a cane toad
  9623 | Lair:1   | Noticed Urug
  9710 | Lair:2   | Learned a level 5 spell: Fireball
  9809 | Lair:2   | Found a staircase to the Snake Pit.
 10221 | Lair:2   | Noticed a cane toad
 10234 | Lair:2   | Killed a cane toad
 10234 | Lair:2   | Reached XP level 11. HP: 81/81 MP: 14/22
 10264 | Lair:2   | Noticed a five-headed hydra
 10276 | Lair:2   | Killed a five-headed hydra
 10567 | Lair:2   | Noticed a six-headed hydra
 10581 | Lair:2   | Killed a six-headed hydra
 10581 | Lair:2   | Reached skill level 5 in Conjurations
 10581 | Lair:2   | Reached skill level 5 in Hexes
 10581 | Lair:2   | Reached skill level 5 in Charms
 10581 | Lair:2   | Reached skill level 5 in Summonings
 10581 | Lair:2   | Reached skill level 5 in Necromancy
 10581 | Lair:2   | Reached skill level 5 in Translocations
 10581 | Lair:2   | Reached skill level 5 in Transmutations
 10581 | Lair:2   | Reached skill level 5 in Fire Magic
 10581 | Lair:2   | Reached skill level 5 in Air Magic
 10581 | Lair:2   | Reached skill level 5 in Earth Magic
 10581 | Lair:2   | Reached skill level 5 in Poison Magic
 10731 | Lair:2   | Reached ** piety under Ashenzari
 10823 | Lair:2   | Found a blossoming altar of Fedhas.
 10836 | Lair:2   | Noticed an oklob plant
 11185 | Lair:3   | Noticed a catoblepas
 11694 | Lair:3   | Reached skill level 9 in Ice Magic
 12212 | Lair:4   | Found a runed translucent door.
 12213 | Lair:4   | Noticed a catoblepas
 12214 | Lair:4   | Noticed Neduy's ghost (journeyman MiBe)
 12392 | Lair:4   | Found a staircase to the Shoals.
 12502 | Lair:4   | Reached XP level 12. HP: 88/89 MP: 21/24
 12611 | Lair:4   | Noticed a four-headed hydra
 12631 | Lair:4   | Killed a four-headed hydra
 13066 | Lair:4   | Noticed a seven-headed hydra
 13081 | Lair:4   | Killed a seven-headed hydra
 14391 | Lair:5   | Noticed a death yak
 14391 | Lair:5   | Noticed a death yak
 14424 | Lair:5   | Killed a death yak
 14626 | Lair:5   | Found a staircase to the Slime Pits.
 14679 | Lair:5   | Noticed Snorg
 14743 | Lair:5   | Noticed Sonja
 14783 | Lair:5   | Learned a level 4 spell: Sticky Flame
 14785 | Lair:6   | Entered Level 6 of the Lair of Beasts
 14799 | Lair:5   | Noticed a death yak
 14802 | Lair:5   | Noticed a death yak
 14821 | Lair:5   | Killed a death yak
 14834 | Lair:5   | Killed a death yak
 14834 | Lair:5   | Reached XP level 13. HP: 96/98 MP: 14/26
 15088 | Lair:5   | Noticed Kirke
 15227 | Lair:5   | Reached *** piety under Ashenzari
 16053 | Lair:6   | Reached skill level 10 in Ice Magic
 17035 | Lair:6   | Splashed by an oklob plant's acid

Illustrated notes

Levels and vault maps discovered:
D:1:      nzn_arrival_water_spiral, layout_basic, serial_bayou_ford_a
D:2:      layout_basic, tso_oasis_becter, uniq_jessica
D:3:      layout_loops_ring, overflow_temple_1_default, grunt_dithmenos_smoke,
          st_stairs_14
D:4:      minmay_razor_zed, layout_cave_pools, kennysheep_little_box,
          lemuel_crystal_altar, serial_shops, shop_statue,
          nicolae_shop_temple_entry_statues_fountains, shop_statue, shop,
          grunt_ministairs_12, uniq_eustachio, uniq_grinder
D:5:      gammafunk_wand_slinger, layout_loops_ring,
          lemuel_coloured_pillars_altar, dancing_weapons_uskayaw, serial_shops,
          nicolae_shop_behind_doors
D:6:      layout_cave_pools, lemuel_round_altar, minmay_temple_entry_glass,
          serial_shops, nicolae_shop_trees, minmay_holes, lemuel_flamethrower_2,
          uniq_duvessa
D:7:      layout_gridville, vehumet_altar_wand_db, uniq_maggie
D:8:      layout_basic, makhleb_heckhound_becter, old_standard_altar,
          david_lair_shrubbed, biasface_ghost_orc_armoury, minivault_10,
          minivault_1
Temple:   kb_corrupted_temple
Lair:1:   layout_roguey, st_stairs_7, fungi_pond_lemuel, grunt_megastairs_5,
          uniq_urug
Lair:2:   layout_gridlike, minmay_snake_entry_guardpost_medium, tgw_fedhas,
          grunt_megastairs_3
Lair:3:   layout_roguey [special_room_bee], infiniplex_staircase_pool
Lair:4:   layout_roguey [special_room_mythical_zoo], elwin_shoals_entry_rocks,
          ebering_ghost_inner_flame, minivault_25, worms_lemuel
Lair:5:   layout_regular_city, slime_dummy, grunt_megastairs_4, uniq_kirke,
          uniq_sonja, uniq_snorg
Lair:6:   minmay_lair_end_frog_pond, layout_regular_city, lemuel_fruit_tree,
          minmay_lair_oklob_chamber, infiniplex_staircase_pool_2

Skill      XL: |  1  2  3  4  5  6  7  8  9 10 11 12 13 |
---------------+----------------------------------------+-----
Spellcasting   | 5 6 7 8 9 |  9.9
Fighting       | 1 2 3 4 5 6 7 8 |  8.5
Short Blades   | 1 2 3 4 5 6 7 8 |  8.5
Long Blades    | 1 2 3 4 5 6 7 8 |  8.5
Axes           | 1 2 3 4 5 6 7 8 |  8.5
Maces & Flails | 1 2 3 4 5 6 7 8 |  8.5
Polearms       | 1 2 3 4 5 6 7 8 |  8.5
Staves         | 1 2 3 4 5 6 7 8 |  8.5
Slings         | 1 2 3 4 5 6 7 8 |  8.5
Bows           | 1 2 3 4 5 6 7 8 |  8.5
Crossbows      | 1 2 3 4 5 6 7 8 |  8.5
Throwing       | 1 2 3 4 5 6 7 8 |  8.5
Armour         | 1 2 3 4 5 6 7 8 |  8.5
Shields        | 1 2 3 4 5 6 7 8 |  8.5
Unarmed Combat | 1 2 3 4 5 6 7 8 |  8.5
Invocations    | 1 2 3 4 5 6 7 8 9 |  9.3
Evocations     | 1 2 3 4 5 6 7 8 |  8.5
Conjurations   | 1 2 3 4 5 6 7 |  7.1
Hexes          | 1 2 3 4 5 6 7 |  7.1
Charms         | 1 2 3 4 5 6 7 |  7.1
Summonings     | 1 2 3 4 5 6 7 |  7.1
Necromancy     | 1 2 3 4 5 6 7 |  7.1
Translocations | 1 2 3 4 5 6 7 |  7.1
Transmutations | 1 2 3 4 5 6 7 |  7.1
Fire Magic     | 1 2 3 4 5 6 7 |  7.1
Air Magic      | 1 2 3 4 5 6 7 |  7.1
Earth Magic    | 1 2 3 4 5 6 7 |  7.1
Poison Magic   | 1 2 3 4 5 6 7 |  7.1
Dodging        | 5 6 7 8 9 |  9.7
Stealth        | 5 6 7 8 9 |  9.5
Ice Magic      | 8 9 10 | 10.1

Action                   |  1- 3 |  4- 6 |  7- 9 | 10-12 | 13-15 || total
-------------------------+-------+-------+-------+-------+-------++-------
Melee: Short sword       |    12 |    58 |       |       |       ||    70
       Bite              |       |     7 |    21 |    21 |     7 ||    56
       Mace              |       |     7 |    96 |       |       ||   103
       Staff             |       |       |   143 |   203 |    73 ||   419
 Fire: Hunting sling     |       |       |     8 |   158 |   188 ||   354
Throw: Dart              |       |       |       |       |     2 ||     2
 Cast: Freeze            |    29 |    33 |     5 |       |       ||    67
       Frozen Ramparts   |       |     4 |    21 |    64 |    19 ||   108
       Summon Ice Beast  |       |     2 |    41 |    57 |    24 ||   124
       Ozocubu's Armour  |       |       |     2 |       |     3 ||     5
       Hailstorm         |       |       |     2 |       |       ||     2
       Fireball          |       |       |       |     1 |       ||     1
Invok: Curse Item        |       |       |     2 |       |       ||     2
Evoke: Wand              |       |       |     2 |       |       ||     2
  Use: Scroll            |       |    10 |     1 |     8 |     1 ||    20
 Stab: Sleeping          |     2 |     8 |     5 |     2 |       ||    17
       Distracted        |       |       |     1 |     1 |       ||     2
Armor: Robe              |     3 |    16 |    32 |    22 |       ||    73
       Leather armour    |       |       |       |     2 |    16 ||    18
Dodge: Dodged            |    18 |    62 |   152 |   118 |    49 ||   399
Block: Buckler           |       |     4 |    78 |    55 |    31 ||   168

Table legend:
 A = Non-vault XP
 B = Vault XP
 C = Vault XP percentage of total XP
 D = Non-vault monster count
 E = Vault monster count
 F = Vault count percentage of total count
                 A         B        C        D         E       F
            +---------+---------+-------+---------+---------+-------
      Total |   29438 |   22995 |  43.9 |     249 |     130 |  34.3
            +---------+---------+-------+---------+---------+-------
        D:1 |      38 |       0 |   0.0 |      21 |       0 |   0.0
        D:2 |      50 |      37 |  42.5 |      14 |       1 |   6.7
        D:3 |      81 |      13 |  13.8 |      14 |       1 |   6.7
        D:4 |      75 |     607 |  89.0 |       8 |      10 |  55.6
        D:5 |     490 |      40 |   7.5 |      26 |       4 |  13.3
        D:6 |     258 |     101 |  28.1 |       8 |       2 |  20.0
        D:7 |    1729 |     344 |  16.6 |      29 |       2 |   6.5
        D:8 |     841 |     293 |  25.8 |      30 |       2 |   6.2
     Lair:1 |    2527 |     332 |  11.6 |      15 |       1 |   6.2
     Lair:2 |    3707 |     857 |  18.8 |      11 |       6 |  35.3
     Lair:3 |    3131 |    1604 |  33.9 |      18 |      25 |  58.1
     Lair:4 |    3574 |    6564 |  64.7 |      15 |      28 |  65.1
     Lair:5 |    6016 |    1590 |  20.9 |      16 |       4 |  20.0
     Lair:6 |    6921 |   10613 |  60.5 |      24 |      44 |  64.7
            +---------+---------+-------+---------+---------+-------
